 Dungeon Crawl Stone Soup version 0.19-a0-944-gb338e1e (webtiles) character file.

31525 Magifyre the Severer (level 13, -18/68 HPs)
             Began as a Gargoyle Berserker on July 8, 2016.
             Was an Elder of Trog.
             Demolished by a boulder beetle (22 damage)
             ... on level 4 of the Lair of Beasts.
             The game lasted 00:57:56 (15718 turns).

Magifyre the Severer (Gargoyle Berserker)          Turns: 15718, Time: 00:57:56

Health: -18/68     AC: 29    Str: 26    XL:     13   Next: 58%
Magic:  13/13      EV: 12    Int:  8    God:    Trog [****..]
Gold:   887        SH:  0    Dex: 12    Spells: 0 memorised, 12 levels left

rFire  . . .     SeeInvis .     G - +6 mace of Timoucli {crush, rC+ MR+ Dex+3}
rCold  + . .     Gourm    .     j - +0 plate armour
rNeg   + . .     Faith    .     (no shield)
rPois  ∞         Spirit   .     z - +2 hat
rElec  +         Dismiss  +     (no cloak)
rCorr  .         Reflect  .     N - +0 pair of gloves (curse)
SustAt .         Harm     .     (no boots)
MR     +....                    w - amulet of dismissal
Stlth  ..........               k - +6 ring of protection
                                e - +5 ring of evasion

@: exhausted, slowed, very slow, somewhat resistant to hostile enchantments,
extremely unstealthy
A: negative energy resistance 1, electricity resistance, unbreathing,
petrification resistance, rot immunity, AC +9
a: Berserk, Trog's Hand, Brothers in Arms, Burn Spellbooks, Renounce Religion


You were on level 4 of the Lair of Beasts.
You worshipped Trog.
Trog was greatly pleased with you.
You were hungry.

You visited 2 branches of the dungeon, and saw 15 of its levels.
You also visited: Ossuary.

You collected 887 gold pieces.

Inventory:

Hand Weapons
 v - a +3 battleaxe of freezing
 G - the +6 mace of Timoucli (weapon) {crush, rC+ MR+ Dex+3}
   (You found it on level 1 of the Lair of Beasts)

   It inflicts extra damage upon your enemies.
   It affects your dexterity (+3).
   It protects you from cold.
   It affects your resistance to hostile enchantments.
 K - the +6 dire flail of the Bruised Places {flame, *Confuse Str+7}
   (You found it on level 10 of the Dungeon)

   It has been specially enchanted to burn those struck by it, causing extra
   injury to most foes and up to half again as much damage against particularly
   susceptible opponents.
   It affects your strength (+7).
   It may confuse you when you take damage.
Armour
 j - a +0 plate armour (worn)
 z - a +2 hat (worn)
 N - a cursed +0 pair of gloves (worn)
Jewellery
 e - a +5 ring of evasion (left hand)
 k - a +6 ring of protection (right hand)
 w - an amulet of dismissal (around neck)
Wands
 f - a wand of acid (6/15)
 y - a wand of lightning (2/15)
 A - a wand of acid (2/15)
 B - a wand of disintegration (15/24)
 I - a wand of polymorph (18/24)
 P - a wand of iceblast (7/15)
 Q - a wand of flame (25/48)
 T - a wand of polymorph (11/24)
Scrolls
 d - 8 scrolls of teleportation
 h - 4 scrolls of blinking
 i - 6 scrolls of remove curse
 n - 3 scrolls of identify
 o - a scroll of recharging {unknown}
 p - 4 scrolls of enchant weapon {unknown}
 q - 3 scrolls of enchant armour {unknown}
 r - 3 scrolls of fear {unknown}
 x - 2 scrolls of random uselessness {unknown}
 E - 2 scrolls of magic mapping {unknown}
 F - a scroll of noise {unknown}
 H - 2 scrolls of brand weapon {unknown}
 J - a scroll of fog {unknown}
 L - 2 scrolls of summoning {unknown}
 R - a scroll of acquirement {unknown}
 V - a scroll of amnesia {unknown}
Potions
 a - 2 potions of might
 g - 2 potions of invisibility
 l - 2 potions of lignification
 m - 6 potions of cancellation
 s - 2 potions of curing
 t - 3 potions of magic
 M - a potion of heal wounds
 O - 2 potions of agility {unknown}
 S - 3 potions of brilliance {unknown}
Comestibles
 b - 7 meat rations
 c - 6 bread rations
 u - 4 fruits
 C - a beef jerky
 D - 7 slices of pizza


   Skills:
 - Level 3.2 Fighting
 + Level 19.3 Axes
 - Level 2.1 Armour
 - Level 1.5 Dodging


You had 12 spell levels left.
You didn't know any spells.

Dungeon Overview and Level Annotations

Branches:
Dungeon (11/15)            Temple (0/1) D:6            Lair (4/6) D:11
  Swamp (0/4) Lair:3       Spider (0/4) Lair:3          Orc (0/2) D:9

Altars:
Dithmenos
Gozag
Nemelex Xobeh
Trog
Zin
The Shining One

Shops:
D:11 *

Annotations:
Lair:2 exclusion: 4 oklob plants


Innate Abilities, Weirdness & Mutations

You are resistant to torment.
Your stone body is resilient. (AC +9)
You are immune to poison.
You resist negative energy. (rN+)
You are resistant to electric shocks. (rElec)
You can survive without breathing.
You are immune to petrification.
You are immune to rotting.


Message History

* * * LOW HITPOINT WARNING * * *
You are too injured to fight recklessly!
You are too injured to fight recklessly!
You are too injured to fight recklessly!
You are too injured to fight recklessly!
You're too exhausted to go berserk.
Unknown command.
You feel better.
The boulder beetle bites you but does no damage.
You barely miss the boulder beetle.
The boulder beetle is heavily wounded.
The boulder beetle bites you!!
* * * LOW HITPOINT WARNING * * *
You're too exhausted to go berserk.
You hit the boulder beetle but do no damage.
The boulder beetle is moderately wounded.
You sock the boulder beetle!
The boulder beetle is heavily wounded.
The boulder beetle bites you!!
You die...

########## ... ...# #..# # .#
#... ##.## ##.# ## ## ##.# #..#
#.## ##. # #.####.#####.P# #.#
##..##P.#.....## ##. #
##..............# ### ####
#....#P...###.### #.. ...##
#.#..###.## ### ##. ....#
###....@#...## ## .#.##
##..=....B....###### # #..#
##.#............##P.###### ##.##
#...P...................##
#.P####P......[.#..##..#...#P.##
#.........#...###......######.#P
#..###..#####..#.#..#P...# #>..
#### #### .......#...#.# #...
.####..##...# #..#


You could see a boulder beetle.

Vanquished Creatures
  Gastronok (Lair:3)
  The ghost of tijit the Artisan of Death, a journeyman DDNe of Kikubaaqudgha (D:11)
  4 hydras
  4 death yaks (Lair:4)
  3 hill giants
  3 griffons
  2 cyclopes
  Maurice (D:10)
  2 black mambas
  2 gargoyles (D:11)
  6 spiny frogs
  A rime drake (Lair:3)
  3 komodo dragons
  A jumping spider (Lair:3)
  3 trolls
  Prince Ribbit (Lair:1)
  A giant leech (Lair:3)
  12 blink frogs
  2 wyverns
  A hog (D:9)
  15 yaks
  The ghost of plsesad the Shooter, an amateur CeHu (D:4)
  2 basilisks
  Eustachio (D:4)
  3 hippogriffs
  A human (D:9)
  A soldier ant (D:10)
  Edmund (D:4)
  6 porcupines
  5 water moccasins
  2 ice beasts
  A phantom (D:8)
  4 sky beasts
  3 ogres
  4 orc warriors
  6 wolves
  8 centaurs
  7 crocodiles
  3 big kobolds
  9 giant frogs
  3 elf zombies (Ossuary)
  3 scorpions
  15 killer bees (D:9)
  12 wights
  An electric eel (D:11)
  A howler monkey (D:5)
  5 crimson imps
  3 giant frog zombies
  A quasit (D:9)
  9 hounds
  A human zombie (Ossuary)
  2 giant frog skeletons
  2 jellies
  16 orc wizards
  A centaur skeleton (D:9)
  5 orc priests
  8 iguanas
  10 worker ants
  16 sheep
  A big kobold zombie (Ossuary)
  A hound skeleton (D:4)
  2 mummies (Ossuary)
  2 worker ant zombies
  A howler monkey skeleton (D:7)
  10 adders
  29 river rats
  3 shadow imps
  2 oozes (D:1)
  2 adder zombies
  An adder skeleton (D:5)
  6 worms
  A dart slug (D:2)
  3 giant geckos
  58 orcs
  2 ball pythons
  6 giant cockroaches
  7 hobgoblins
  22 jackals
  5 quokkas
  A ball python skeleton (D:4)
  10 bats
  A giant cockroach zombie (D:6)
  A giant gecko skeleton (D:6)
  5 giant newts
  5 goblins
  3 goblin zombies (Ossuary)
  8 hobgoblin zombies (Ossuary)
  15 kobolds
  8 kobold zombies (Ossuary)
  9 orc zombies (Ossuary)
  A quokka skeleton (D:7)
  6 rats
  3 rat zombies (Ossuary)
  A plant (Lair:1)
492 creatures vanquished.

Vanquished Creatures (collateral kills)
  A wolf (Lair:1)
  A giant frog (Lair:1)
2 creatures vanquished.

Vanquished Creatures (others)
  2 fungi (Lair:3)
  A plant (Lair:3)
3 creatures vanquished.

Grand Total: 497 creatures vanquished

Notes
Turn   | Place    | Note
-------+----------+-------------------------------------------
     0 | D:1      | Magifyre the Gargoyle Berserker began the quest for the Orb.
     0 | D:1      | Reached XP level 1. HP: 14/14 MP: 1/1
   166 | D:1      | Reached skill level 3 in Axes
   201 | D:1      | Reached XP level 2. HP: 15/19 MP: 2/2
   532 | D:1      | Reached XP level 3. HP: 19/23 MP: 3/3
   879 | D:2      | Reached ** piety under Trog
  1012 | D:2      | Reached skill level 4 in Axes
  1295 | D:2      | Reached XP level 4. HP: 24/28 MP: 4/4
  1401 | D:2      | Found a sparkling altar of Nemelex Xobeh.
  1596 | D:3      | Found a faded altar of an unknown god.
  1924 | D:3      | Reached skill level 5 in Axes
  1924 | D:3      | Reached XP level 5. HP: 31/32 MP: 5/5
  2005 | D:3      | Noticed a moth of wrath
  2008 | D:3      | Found a bloodstained altar of Trog.
  2619 | D:4      | Reached skill level 6 in Axes
  2619 | D:4      | Reached XP level 6. HP: 32/37 MP: 6/6
  2785 | D:4      | Reached *** piety under Trog
  2819 | D:4      | Noticed plsesad's ghost (amateur CeHu)
  2830 | D:4      | Noticed Edmund
  2838 | D:4      | Killed plsesad's ghost
  2838 | D:4      | Reached skill level 7 in Axes
  2838 | D:4      | Reached XP level 7. HP: 41/41 MP: 7/7
  2861 | D:4      | Killed Edmund
  2986 | D:4      | Noticed Eustachio
  3010 | D:4      | Killed Eustachio
  3010 | D:4      | Reached skill level 8 in Axes
  3034 | D:4      | Found an opulent altar of Gozag.
  3449 | D:4      | Reached XP level 8. HP: 35/46 MP: 8/8
  3860 | D:5      | Entered Level 5 of the Dungeon
  3880 | D:5      | Reached skill level 9 in Axes
  4628 | D:6      | Reached skill level 10 in Axes
  4956 | D:6      | Found a glowing silver altar of Zin.
  4986 | D:6      | Reached XP level 9. HP: 40/51 MP: 9/9
  4998 | D:6      | Found a glowing golden altar of the Shining One.
  5007 | D:6      | Found a staircase to the Ecumenical Temple.
  5329 | D:6      | Found a shadowy altar of Dithmenos.
  5379 | D:6      | Found an opulent altar of Gozag.
  5434 | D:6      | Reached skill level 11 in Axes
  6845 | D:8      | Found a sand-covered staircase.
  6871 | D:8      | Reached skill level 12 in Axes
  6908 | Ossuary  | Entered an ossuary
  7338 | D:8      | Reached XP level 10. HP: 56/56 MP: 10/10
  7524 | D:9      | Noticed a cyclops
  7537 | D:9      | Killed a cyclops
  7537 | D:9      | Reached skill level 13 in Axes
  7722 | D:9      | Reached **** piety under Trog
  7861 | D:9      | Found a staircase to the Orcish Mines.
  8470 | D:9      | Reached ***** piety under Trog
  8506 | D:9      | Reached skill level 14 in Axes
  8722 | D:10     | Entered Level 10 of the Dungeon
  8802 | D:10     | Noticed Maurice
  8805 | D:10     | Noticed a hill giant
  8813 | D:10     | Killed Maurice
  8813 | D:10     | Reached XP level 11. HP: 60/60 MP: 11/11
  8816 | D:10     | Killed a hill giant
  8965 | D:10     | HP: 2/60 [orc warrior/short sword (12)]
  9199 | D:10     | Noticed a hill giant
  9200 | D:10     | Reached skill level 15 in Axes
  9208 | D:10     | Killed a hill giant
  9768 | D:11     | Noticed a griffon
  9775 | D:11     | Noticed tijit's ghost (journeyman DDNe)
  9781 | D:11     | Killed a griffon
  9806 | D:11     | Received a gift from Trog
  9901 | D:11     | Killed tijit's ghost
  9946 | D:11     | Found a staircase to the Lair.
  9951 | D:11     | Noticed a hill giant
  9985 | D:11     | Killed a hill giant
  9985 | D:11     | Reached skill level 16 in Axes
 10226 | D:11     | Found Ruisoamm's Assorted Antiques.
 10466 | D:11     | Noticed a cyclops
 10476 | D:11     | Killed a cyclops
 10657 | Lair:1   | Entered Level 1 of the Lair of Beasts
 10661 | Lair:1   | Reached XP level 12. HP: 64/64 MP: 12/12
 10705 | Lair:1   | Noticed a six-headed hydra
 10711 | Lair:1   | Killed an eight-headed hydra
 10728 | Lair:1   | Got a crystal mace
 10790 | D:10     | Got an ancient dire flail
 10837 | Lair:1   | Identified the +6 dire flail of the Bruised Places {flame, *Confuse Str+7} (You found it on level 10 of the Dungeon)
 10838 | Lair:1   | Identified the +6 mace of Timoucli {crush, rC+ MR+ Dex+3} (You found it on level 1 of the Lair of Beasts)
 11001 | Lair:1   | Noticed Prince Ribbit
 11020 | Lair:1   | Killed Prince Ribbit
 11022 | Lair:1   | Reached skill level 17 in Axes
 11410 | Lair:1   | Received a gift from Trog
 13464 | Lair:3   | Reached skill level 18 in Axes
 13479 | Lair:3   | Noticed Gastronok
 13503 | Lair:3   | Killed Gastronok
 13503 | Lair:3   | Reached XP level 13. HP: 37/68 MP: 13/13
 13701 | Lair:3   | Found a hole to the Spider Nest.
 13764 | Lair:3   | Found a staircase to the Swamp.
 15314 | Lair:4   | Reached skill level 19 in Axes
 15718 | Lair:4   | Demolished by a boulder beetle

Vault maps used:
D:1:      eino_arrival_cavern_b
D:2:      first_bread, nemelex_xobeh_ov_fountains_minmay
D:3:      ecumenical_altar_2, tgw_trog
D:4:      st_stairs_13, grunt_gozag_breadcrumbs, uniq_edmund, uniq_eustachio
D:6:      nicolae_overflow_quartered_altars
D:8:      nicolae_ossuary_entry_monument
D:9:      hiddenorc2_lemuel, serial_glass, glass_columns_a, glass_columns_c,
          glass_columns_a, glass_columns_a, glass_columns_a, glass_columns_b,
          glass_columns_a, glass_columns_a, glass_columns_a, glass_columns_b,
          grunt_livestock
D:10:     uniq_maurice
D:11:     erik_lair_island, serial_shops, shop
Lair:1:   serial_forest, infiniplex_forest_straight_1,
          infiniplex_forest_lined_2, infiniplex_forest_lined_room_2,
          infiniplex_forest_clump_medium, infiniplex_forest_end_double,
          infiniplex_forest_lined_room_2, infiniplex_forest_straight_2,
          uniq_prince_ribbit2
Lair:2:   dpeg_oklob_gauntlet, nicolae_volcano_entry_two_sided,
          beast_lair_carwin_7
Lair:3:   minmay_swamp_entry_worms, spider_nest_entry_rubble,
          infiniplex_staircase_pool_2, uniq_gastronok
Ossuary:  ossuary_tomb_1

Skill      XL: |  1  2  3  4  5  6  7  8  9 10 11 12 13 |
---------------+----------------------------------------+-----
Axes           | 3 4 5 6 7 8 10 12 14 16 18 19 | 19.3
Fighting       | |  3.2
Armour         | |  2.1
Dodging        | |  1.5

Action                   |  1- 3 |  4- 6 |  7- 9 | 10-12 | 13-15 || total
-------------------------+-------+-------+-------+-------+-------++-------
Melee: Hand axe          |   135 |   230 |   433 |       |       ||   798
       Battleaxe         |       |       |   119 |   573 |       ||   692
       War axe           |       |       |    96 |       |       ||    96
       Mace              |       |       |       |   347 |   222 ||   569
Invok: Trog's Hand       |       |     3 |     5 |    23 |     5 ||    36
       Berserk           |       |     2 |     4 |    11 |     7 ||    24
       Burn Spellbooks   |       |       |     1 |     1 |       ||     2
       Brothers in Arms  |       |       |       |     1 |       ||     1
  Use: Scroll            |       |       |     7 |     3 |       ||    10
       Potion            |       |       |       |       |     1 ||     1
 Stab: Distracted        |       |       |       |     1 |       ||     1
  Eat: Chunk             |     1 |     7 |    19 |    36 |    15 ||    78
       Bread ration      |       |       |     1 |       |       ||     1
       Pizza             |       |       |     1 |       |       ||     1
       Beef jerky        |       |       |       |     1 |     1 ||     2
Armor: Animal skin       |    27 |       |       |       |       ||    27
       Plate armour      |    21 |   134 |   282 |   554 |   144 ||  1135
Dodge: Dodged            |   140 |   137 |   278 |   646 |   109 ||  1310
